 Dungeon Crawl Stone Soup version 0.20.0-8-g6b59dc7 (webtiles) character file.

132997 Chiseanne the Blocker (level 16, -11/125 HPs)
             Began as a Demonspawn Wanderer on May 31, 2017.
             Was the Champion of Okawaru.
             Mangled by an earth elemental (17 damage)
             ... summoned by a deep elf elementalist
             ... on level 3 of the Elven Halls.
             The game lasted 01:51:27 (30940 turns).

Chiseanne the Blocker (Demonspawn Wanderer)        Turns: 30940, Time: 01:51:27

Health: -11/125    AC: 37    Str: 17    XL:     16   Next: 58%
Magic:  21/23      EV: 11    Int: 17    God:    Okawaru [******]
Gold:   31         SH: 14    Dex: 14    Spells: 14/15 levels left

rFire    + + +     SeeInvis .   w - +8 hand crossbow "Gunwoiwo" {god gift, elec, MR++ Dex-3}
rCold    + . .     Gourm    .   l - +3 buckler {rPois} {god gift}
rNeg     + . .     Faith    .   u - +6 gold dragon scales of Agulisae {rPois rF+ rC+ MR+}
rPois    +         Spirit   .   (helmet unavailable)
rElec    .         Reflect  +   c - scarf of Dithmenos's Generosity {rN+ Slay+4}
rCorr    .         Harm     .   z - +2 pair of gloves {Str+3}
MR       ++++.                  x - +0 pair of boots
Stlth    ..........             H - +2 amulet of reflection
Regen    0.3/turn               F - +5 ring of protection
MPRegen  0.2/turn               y - ring "Fauq" {rF++ Dex+2 Slay+2}

@: heroism, very slightly contaminated, drained
A: horns 3, blurry vision 1, nightstalker 1, spiny 2, sturdy frame 2
a: Heroism, Finesse, Renounce Religion


You were on level 3 of the Elven Halls.
You worshipped Okawaru.
Okawaru was exalted by your worship.
You were not hungry.

You visited 4 branches of the dungeon, and saw 26 of its levels.
You visited 1 bazaar.
You also visited: Labyrinth and Bailey.

You collected 3179 gold pieces.
You spent 3148 gold pieces at shops.

Inventory:

Hand Weapons
 a - the +8 long sword "Ujegacus" {freeze, rElec Str-4 Stlth+}
   (You found it on level 2 of the Lair of Beasts)

   It has been specially enchanted to freeze those struck by it, causing extra
   injury to most foes and up to half again as much damage against particularly
   susceptible opponents.
   It can also slow down cold-blooded creatures.
   It affects your strength (-4).
   It insulates you from electricity.
   It makes you more stealthy.
 d - a +4 scimitar of flaming
 e - the +8 hand crossbow of Cowardice {god gift, elec, rElec rF+}
   (Okawaru gifted it to you on level 15 of the Dungeon)

   It charges the ammunition it shoots with electricity; occasionally upon a
   hit, such missiles may discharge and cause terrible harm.
   It protects you from fire.
   It insulates you from electricity.
 j - a +1 war axe of venom
 s - a +2 trident of protection
 w - the +8 hand crossbow "Gunwoiwo" (weapon) {god gift, elec, MR++ Dex-3}
   (Okawaru gifted it to you on level 2 of the Elven Halls)

   It charges the ammunition it shoots with electricity; occasionally upon a
   hit, such missiles may discharge and cause terrible harm.
   It affects your dexterity (-3).
   It affects your resistance to hostile enchantments.
Missiles
 p - 3 throwing nets {!*}
 U - 217 bolts (quivered)
Armour
 c - the scarf of Dithmenos's Generosity (worn) {rN+ Slay+4}
   (You acquired it on level 15 of the Dungeon)

   It affects your accuracy and damage with ranged weapons and melee attacks
   (+4).
   It protects you from negative energy.
 l - a +3 buckler of poison resistance (worn) {god gift}
 u - the +6 gold dragon scales of Agulisae (worn) {rPois rF+ rC+ MR+}
   (You bought it in a shop on level 2 of the Orcish Mines)

   It protects you from fire.
   It protects you from cold.
   It protects you from poison.
   It affects your resistance to hostile enchantments.
 x - a +0 pair of boots (worn)
 z - a +2 pair of gloves of strength (worn)
Jewellery
 m - an uncursed amulet of regeneration
 y - the ring "Fauq" (right hand) {rF++ Dex+2 Slay+2}
   (You found it on level 7 of the Dungeon)

   [ring of dexterity]

   It affects your dexterity (+2).
   It affects your accuracy and damage with ranged weapons and melee attacks
   (+2).
   It greatly protects you from fire.
 B - an uncursed amulet of guardian spirit {unknown}
 C - an uncursed ring of see invisible
 F - a +5 ring of protection (left hand)
 H - a +2 amulet of reflection (around neck)
Wands
 k - a wand of disintegration (9/24)
 o - a wand of disintegration (7/24)
 A - a wand of disintegration (15/24)
 J - a wand of lightning (8/15)
 L - a wand of confusion (29/48)
 X - a wand of disintegration (11/24)
Scrolls
 h - 12 scrolls of remove curse
 n - a scroll of summoning
 q - 2 scrolls of fog
 G - a scroll of silence
 M - 3 scrolls of identify
 V - 3 scrolls of magic mapping
 Z - a scroll of recharging
Potions
 f - a potion of agility
 g - 8 potions of curing
 i - 6 potions of flight
 r - 2 potions of magic {unknown}
 t - a potion of resistance {unknown}
 D - a potion of brilliance
 K - a potion of might
 N - 3 potions of cancellation
Books
 v - the Handbook of Evil Secrets
   (You found it on level 1 of the Elven Halls)

   Spells                             Type                      Level
   a - Animate Skeleton               Necromancy                   1
   b - Pain                           Necromancy                   1
   c - Corpse Rot                     Necromancy                   2
   d - Sublimation of Blood           Necromancy                   2
   e - Regeneration                   Charms/Necromancy            3
   f - Simulacrum                     Ice/Necromancy               6
Miscellaneous
 T - a lamp of fire (inert)
Comestibles
 b - 9 meat rations
 E - 38 fruits
 I - 10 royal jellies
 P - a chunk of flesh
 Y - 8 bread rations


   Skills:
 - Level 11.3(16.3) Fighting
 - Level 8.5(13.5) Long Blades
   Level 1.0(5.9) Maces & Flails
 - Level 10.8(15.8) Crossbows
 * Level 11.9(16.8) Armour
 - Level 11.0(15.9) Dodging
 - Level 1.7(6.7) Stealth
 * Level 13.8(18.8) Shields
 - Level 10.1 Invocations
 - Level 4.2(4.1) Evocations


You had 14 spell levels left.
You knew the following spells:

 Your Spells              Type           Power        Failure   Level  Hunger
a - Apportation           Tloc           #.....       99%         1    ##.....


Dungeon Overview and Level Annotations

Branches:
Dungeon (15/15)            Temple (0/1) D:6            Lair (6/6) D:9
  Swamp (0/4) Lair:3        Snake (0/4) Lair:2        Slime (0/5) Lair:5
    Orc (2/2) D:11            Elf (3/3) Orc:2        Vaults (0/5) D:13
 Depths (0/5) D:15

Altars:
Cheibriados
Gozag
Hepliaklqana
Kikubaaqudgha
Makhleb
Okawaru
Uskayaw
Vehumet
Xom
The Shining One
Beogh
Jiyva

Shops:
D:4 [   D:6 :   D:11 }   D:15 (   Orc:2 (=*[

Annotations:
D:3 xash's ghost, amateur FoFi
D:6 Chaositek's ghost, novice OgBe
D:14 exclusion: Roxanne, Roxanne
Elf:2 5 runed doors


Innate Abilities, Weirdness & Mutations

You have a pair of large horns on your head.
You are slightly more attuned to the shadows.
You are mostly covered in sharp spines.
Your movements are less encumbered by armour. (ER -4)
Scrolls take you a little longer to read.


Message History

The Tzitzimitl is engulfed in blazing flames.
You feel like a meek peon again.
The deep elf demonologist seems less brilliant.
The Ice Fiend calls on the powers of darkness!
The deep elf elementalist convulses!
The deep elf demonologist convulses!
Your body is wracked with pain!
* * * LOW HITPOINT WARNING * * *
The earth elemental disappears in a puff of smoke!
The deep elf elementalist gestures at you while chanting.
Some walls begin to move on their own!
You hear a shout! x4
There is an open door here.
Evoke which item? (* to show all) (? for menu, Esc to quit)
Okay, then.
You gain the combat prowess of a mighty hero.
The Ice Fiend calls on the powers of darkness!
The deep elf elementalist convulses!
Your body is wracked with pain!
* * * LOW HITPOINT WARNING * * *
The earth elemental hits you!
You die...

..# #...........#
#..#######.## #..#
#.# #####..# ##'##
###.1§#..# ##...##
#...EE#..#####.....#
#..EeEe.1.##.....<.#
#)....#..Ee.EEE....#
#E##########.@######


31e #### ..ee .... §.((. You could see an Ice Fiend, a deep elf elementalist and
4 earth elementals.

Vanquished Creatures
  Saint Roka (Orc:2)
  Agnes (D:14)
  2 orc warlords
  A deep elf demonologist (Elf:3)
  Azrael (D:13)
  A dire elephant (Lair:6)
  A minotaur (Lab)
  2 deep elf death magi (Elf:1)
  Josephine (D:14)
  A fire dragon (Lair:6)
  A yaktaur captain (D:15)
  Erolcha (D:13)
  10 hydras
  5 centaur warriors
  A catoblepas (Lair:6)
  8 two-headed ogres
  3 death yaks (Lair:6)
  10 dancing weapons
  3 orc high priests
  Nergalle (Lair:4)
  5 deep elf knights
  A skeletal warrior (D:15)
  2 unseen horrors
  2 large abominations (Elf:1)
  A wizard (D:13)
  8 deep elf archers
  A phantasmal warrior (D:14)
  3 lindwurms (Lair:6)
  8 orc knights
  3 necromancers (Elf:1)
  An oklob plant (Orc:1)
  5 cyclopes
  5 orc sorcerers (Orc:2)
  32 deep elf magi
  5 manticores
  10 elephants
  4 black mambas
  Joseph (D:8)
  Maurice (D:11)
  A guardian serpent (D:13)
  A centaur skeleton (D:10)
  10 spiny frogs
  5 torpor snails (Lair:6)
  A gargoyle (D:15)
  9 rime drakes
  A kobold demonologist (D:11)
  7 komodo dragons
  2 efreet (D:15)
  3 tyrant leeches (Lair:6)
  2 polar bears
  A meliai (shapeshifter) (D:14)
  12 trolls
  5 blink frogs
  12 hippogriffs
  7 hornets (Lair:6)
  A hippogriff (shapeshifter) (Elf:1)
  3 slime creatures (D:12)
  7 dream sheep
  2 air elementals (Elf:1)
  A meliai zombie (D:12)
  18 wyverns
  5 wraiths
  23 yaks
  3 shadows
  3 water elementals
  5 basilisks
  5 fire elementals (D:13)
  A hungry ghost (D:15)
  6 vampire mosquitoes
  Edmund (D:4)
  5 wargs
  2 swamp worms (Lair:3)
  3 acid dragons
  A hell hound (Lair:5)
  2 nagas (Lair:2)
  26 water moccasins
  Duvessa (D:4)
  9 porcupines
  A swamp drake (D:9)
  2 black bears
  3 sky beasts
  A hornet zombie (D:8)
  5 phantoms
  An ice beast (D:10)
  44 orc warriors
  2 necrophages
  A sky beast (shapeshifter) (D:15)
  9 ogres
  10 wolves
  5 centaurs
  13 crocodiles
  2 big kobolds
  4 elf zombies (Elf:1)
  26 bullfrogs
  A wyvern zombie (D:11)
  Dowan (D:4)
  2 scorpions
  3 electric eels
  A howler monkey (D:10)
  4 crimson imps
  A quasit (D:9)
  4 centaur zombies
  A bullfrog zombie (D:13)
  4 hounds
  2 bullfrog skeletons
  28 orc wizards
  16 orc priests
  A gnoll shaman (D:3)
  An iguana (D:4)
  Natasha (thrice) (D:4)
  10 worker ants
  6 hell rats (Lair:4)
  A hound zombie (D:7)
  Robin (D:4)
  A worker ant zombie (D:11)
  9 gnolls
  30 adders
  3 shadow imps
  2 oozes (D:2)
  2 adder skeletons
  2 worms (D:3)
  2 dart slugs
  5 leopard geckos
  66 orcs
  6 giant cockroaches
  21 goblins
  12 hobgoblins
  24 jackals
  25 kobolds
  2 quokkas
  A ball python (D:2)
  4 bats
  6 frilled lizards
  A jackal skeleton (D:5)
  A jackal zombie (D:5)
  A leopard gecko skeleton (D:8)
  8 rats
  A plant (Lair:6)
820 creatures vanquished.

Vanquished Creatures (collateral kills)
  6 dream sheep (Lair:5)
  A bullfrog (Lair:5)
  A plant (Lair:5)
8 creatures vanquished.

Vanquished Creatures (others)
  Nessos (D:12)
  A centaur warrior (D:13)
  A deep elf mage (Elf:2)
  A manticore (Lair:5)
  A water elemental (Elf:2)
  2 orc warriors (Orc:2)
  A centaur (D:12)
  A quokka (D:9)
  18 fungi
  10 plants
37 creatures vanquished.

Grand Total: 865 creatures vanquished

Notes
Turn   | Place    | Note
-------+----------+-------------------------------------------
     0 | D:1      | Chiseanne the Demonspawn Wanderer began the quest for the Orb.
     0 | D:1      | Chiseanne set off with: a +2 dagger, a scroll of fear, a +0 mace, a +0 ring mail, a bread ration
     0 | D:1      | Reached XP level 1. HP: 19/19 MP: 1/1
   429 | D:1      | Gained mutation: Your movements are slightly less encumbered by armour. (ER -2) [demonic ancestry]
   429 | D:1      | Reached XP level 2. HP: 24/25 MP: 2/2
   783 | D:1      | Reached skill level 1 in Dodging
  1066 | D:2      | Reached XP level 3. HP: 24/31 MP: 3/3
  1486 | D:2      | Gained mutation: Your movements are less encumbered by armour. (ER -4) [demonic ancestry]
  1486 | D:2      | Reached XP level 4. HP: 38/38 MP: 4/4
  1918 | D:3      | Noticed xash's ghost (amateur FoFi)
  2657 | D:3      | Gained mutation: You have a pair of small horns on your head. [demonic ancestry]
  2657 | D:3      | Reached XP level 5. HP: 37/43 MP: 5/5
  3148 | D:4      | Noticed Robin
  3160 | D:4      | Noticed a phantom
  3207 | D:3      | HP: 2/43 [poisoned by a worker ant]
  3215 | D:3      | HP: 1/43 [poisoned by a worker ant]
  3567 | D:3      | Killed a phantom
  3567 | D:3      | Reached skill level 5 in Fighting
  3567 | D:3      | Reached XP level 6. HP: 8/51 MP: 6/6
  3860 | D:4      | Killed Robin
  3899 | D:4      | Noticed Duvessa
  3901 | D:4      | Noticed Dowan
  3918 | D:4      | Killed Duvessa
  3925 | D:4      | HP: 2/76 [Dowan/shard of ice (15)]
  3933 | D:4      | Killed Dowan
  4245 | D:4      | Found Koqa's Armour Boutique.
  4395 | D:3      | Gained mutation: You are partially covered in sharp spines. [demonic ancestry]
  4395 | D:3      | Reached XP level 7. HP: 27/56 MP: 7/7
  4646 | D:4      | Found an iron altar of Okawaru.
  4654 | D:4      | Became a worshipper of Warmaster Okawaru
  4694 | D:4      | Reached skill level 1 in Invocations
  4707 | D:4      | Noticed Edmund
  4718 | D:4      | Noticed Natasha
  4724 | D:4      | Killed Edmund
  4724 | D:4      | Reached skill level 5 in Armour
  4732 | D:4      | Killed Natasha
  4928 | D:4      | Noticed Natasha
  4934 | D:4      | Killed Natasha
  5009 | D:4      | Noticed Natasha
  5014 | D:4      | Killed Natasha
  5027 | D:5      | Entered Level 5 of the Dungeon
  5030 | D:5      | Found an opulent altar of Gozag.
  5255 | D:5      | Gained mutation: You have a pair of horns on your head. [demonic ancestry]
  5255 | D:5      | Reached XP level 8. HP: 46/65 MP: 10/10
  5656 | D:6      | Reached * piety under Okawaru
  5656 | D:6      | Reached skill level 5 in Dodging
  5745 | D:6      | Noticed Chaositek's ghost (novice OgBe)
  6033 | D:6      | Found a staircase to the Ecumenical Temple.
  6087 | D:6      | Found Yplawk's Book Shop.
  6392 | D:7      | Got a clouded jade ring
  6424 | D:7      | Identified the ring "Fauq" {rF++ Dex+2 Slay+2} (You found it on level 7 of the Dungeon)
  6448 | D:7      | Reached skill level 5 in Invocations
  6510 | D:7      | Identified a scroll of acquirement
  6525 | D:7      | Found a snail-covered altar of Cheibriados.
  6862 | D:7      | Reached ** piety under Okawaru
  7033 | D:8      | Reached XP level 9. HP: 72/72 MP: 13/13
  7225 | D:8      | Noticed Joseph
  7238 | D:8      | Killed Joseph
  7760 | D:8      | Found a hide-covered altar of Uskayaw.
  7802 | D:8      | Found a glowing golden altar of the Shining One.
  7802 | D:8      | Found an ancient bone altar of Kikubaaqudgha.
  7806 | D:8      | Found a hazy altar of Hepliaklqana.
  7842 | D:9      | Found a radiant altar of Vehumet.
  8316 | D:9      | Found a staircase to the Lair.
  8373 | D:9      | Reached *** piety under Okawaru
  8413 | D:9      | Noticed a komodo dragon
  8426 | D:9      | Killed a komodo dragon
  8657 | D:10     | Entered Level 10 of the Dungeon
  8657 | D:10     | Noticed an unseen horror
  8669 | D:10     | Killed an unseen horror
  8669 | D:10     | Reached **** piety under Okawaru
  8669 | D:10     | Gained mutation: You have a pair of large horns on your head. [demonic ancestry]
  8669 | D:10     | Reached XP level 10. HP: 70/81 MP: 14/16
  8895 | D:10     | Found a flagged portal.
  8913 | Bailey   | Entered a bailey
  9000 | Bailey   | Noticed an orc knight
  9051 | Bailey   | Killed an orc knight
  9051 | Bailey   | Reached ***** piety under Okawaru
  9129 | Bailey   | Noticed an orc knight
  9169 | Bailey   | Killed an orc knight
  9169 | Bailey   | Received a gift from Okawaru
  9539 | D:10     | Received a gift from Okawaru
  9542 | D:10     | Got a translucent longbow {god gift}
  9543 | D:10     | Identified the +2 longbow of the Tiger {god gift, flame, MR++ Str+7 Int-5} (Okawaru gifted it to you on level 10 of the Dungeon)
  9829 | D:11     | Noticed a two-headed ogre
  9852 | D:11     | Killed a two-headed ogre
  9852 | D:11     | Reached skill level 10 in Invocations
  9852 | D:11     | Gained mutation: You are slightly more attuned to the shadows. [demonic ancestry]
  9852 | D:11     | Reached XP level 11. HP: 66/88 MP: 18/18
 10063 | D:11     | Found a staircase to the Orcish Mines.
 10331 | D:11     | Noticed Maurice
 10339 | D:11     | Killed Maurice
 10420 | D:11     | Found Xigiol's Gadget Emporium.
 10420 | D:11     | Noticed a two-headed ogre
 10434 | D:11     | Killed a two-headed ogre
 10434 | D:11     | Reached skill level 10 in Fighting
 10858 | Lair:1   | Entered Level 1 of the Lair of Beasts
 10906 | Lair:1   | Received a gift from Okawaru
 11599 | Lair:1   | Reached skill level 1 in Evocations
 11786 | Lair:2   | Gained mutation: You are mostly covered in sharp spines. [demonic ancestry]
 11786 | Lair:2   | Reached XP level 12. HP: 98/98 MP: 19/19
 11789 | Lair:2   | Reached skill level 10 in Armour
 12202 | Lair:2   | Got a heavily jewelled robe
 12213 | Lair:2   | Identified the cursed +0 robe of Keuphups {rC+ MR+} (You found it on level 2 of the Lair of Beasts)
 12376 | Lair:2   | Found a shimmering altar of Xom.
 12403 | Lair:2   | Reached skill level 10 in Dodging
 12464 | Lair:2   | Found a staircase to the Snake Pit.
 12618 | Lair:2   | Got a steaming long sword
 12619 | Lair:2   | Identified the +8 long sword "Ujegacus" {freeze, rElec Str-4 Stlth+} (You found it on level 2 of the Lair of Beasts)
 12742 | Lair:3   | Received a gift from Okawaru
 12977 | Lair:3   | Found a staircase to the Swamp.
 13012 | Lair:3   | Reached skill level 1 in Shields
 13057 | Lair:3   | Reached skill level 2 in Shields
 13236 | Lair:3   | Noticed an eight-headed hydra
 13265 | Lair:3   | Killed an eight-headed hydra
 13265 | Lair:3   | Reached skill level 3 in Shields
 13869 | Lair:4   | Reached skill level 4 in Shields
 13914 | Lair:4   | Noticed Nergalle
 13927 | Lair:4   | Killed Nergalle
 14069 | Lair:4   | You fall through a shaft for 2 floors!
 14069 | Lair:6   | Entered Level 6 of the Lair of Beasts
 14081 | Lair:6   | Reached skill level 5 in Shields
 14134 | Lair:6   | Found a labyrinth entrance.
 14139 | Lair:6   | Noticed a six-headed hydra
 14155 | Lab      | Entered a labyrinth
 14274 | Lab      | Noticed a minotaur
 14300 | Lab      | Killed a minotaur
 14300 | Lab      | Reached skill level 6 in Shields
 14301 | Lab      | Identified the Incunabulum of the Tundras
 14302 | Lab      | Got a translucent zirconium amulet
 14574 | Lab      | Got an ichor-stained hand crossbow
 14577 | Lab      | Identified the +6 hand crossbow "Jerr" {elec, rC+ Stlth+} (You found it in a labyrinth)
 14580 | Lab      | Got an ancient plate armour
 14591 | Lab      | Identified the +7 plate armour of Past Mistakes {*Contam Dex+8} (You took it off a minotaur in a labyrinth)
 14596 | Lab      | Identified the amulet of Daesud {Gourm Str+4 Dex+3 SInv} (You found it in a labyrinth)
 14600 | Lab      | Got a faintly glowing robe
 14920 | Lab      | Identified the cursed +1 robe of Xuaden {Str+6} (You found it in a labyrinth)
 14948 | Lair:6   | Killed a six-headed hydra
 15057 | Lair:6   | Reached skill level 1 in Crossbows
 15067 | Lair:6   | Reached XP level 13. HP: 81/105 MP: 18/20
 15070 | Lair:6   | Reached skill level 7 in Shields
 15797 | Lair:4   | Learned a level 1 spell: Apportation
 16074 | Lair:4   | Received a gift from Okawaru
 16281 | Lair:5   | Reached skill level 8 in Shields
 16738 | Lair:5   | Received a gift from Okawaru
 16745 | Lair:5   | Found a viscous altar of Jiyva.
 16749 | Lair:5   | Found a staircase to the Slime Pits.
 17037 | Lair:5   | Reached skill level 5 in Crossbows
 17202 | Lair:5   | Reached skill level 9 in Shields
 17604 | Lair:6   | Found a runed door.
 17642 | Lair:6   | Received a gift from Okawaru
 18275 | Lair:6   | Reached ****** piety under Okawaru
 18389 | Lair:6   | Received a gift from Okawaru
 18673 | Lair:6   | Reached XP level 14. HP: 97/113 MP: 21/21
 19327 | Lair:6   | Reached skill level 10 in Shields
 19452 | Lair:6   | Received a gift from Okawaru
 19970 | D:12     | Noticed Nessos
 19983 | D:12     | Killed Nessos
 20539 | D:13     | Found a gate to the Vaults.
 20721 | D:13     | Noticed Azrael
 20731 | D:13     | Killed Azrael
 20731 | D:13     | Reached skill level 10 in Crossbows
 21050 | D:13     | Received a gift from Okawaru
 21118 | D:13     | Noticed Erolcha
 21125 | D:13     | Reached skill level 11 in Shields
 21129 | D:13     | Killed Erolcha
 21358 | D:13     | Received a gift from Okawaru
 21615 | D:14     | Noticed Agnes
 21623 | D:14     | Killed Agnes
 22024 | D:14     | Noticed Josephine
 22032 | D:14     | Killed Josephine
 22263 | D:14     | Noticed Roxanne
 22522 | D:14     | Received a gift from Okawaru
 22788 | D:15     | Entered Level 15 of the Dungeon
 22794 | D:15     | Reached XP level 15. HP: 113/119 MP: 22/22
 22805 | D:15     | Reached skill level 12 in Shields
 22831 | D:14     | Received a gift from Okawaru
 23685 | D:15     | Found a staircase to the Depths.
 23813 | D:15     | Received a gift from Okawaru
 23868 | D:15     | Got a steaming hand crossbow {god gift}
 23877 | D:15     | Identified the +8 hand crossbow of Cowardice {god gift, elec, rElec rF+} (Okawaru gifted it to you on level 15 of the Dungeon)
 23994 | D:15     | Got a faintly glowing shield
 23995 | D:15     | Identified the +0 shield of Riesye {+Inv Dex+6} (You acquired it on level 15 of the Dungeon)
 24025 | D:15     | Got a faintly humming scarf
 24026 | D:15     | Identified the scarf of Dithmenos's Generosity {rN+ Slay+4} (You acquired it on level 15 of the Dungeon)
 24208 | D:15     | Reached skill level 1 in Long Blades
 24335 | D:15     | Found Vuleb's Weapon Shoppe.
 25015 | Orc:1    | Entered Level 1 of the Orcish Mines
 25106 | Orc:1    | Noticed an orc warlord
 25138 | Orc:1    | Killed an orc warlord
 25643 | Orc:1    | Reached skill level 5 in Long Blades
 25866 | Orc:2    | Entered Level 2 of the Orcish Mines
 25913 | Orc:2    | Found a burning altar of Makhleb.
 25922 | Orc:2    | Found a staircase to the Elven Halls.
 26188 | Orc:1    | Received a gift from Okawaru
 26196 | Orc:1    | Got an encrusted arbalest {god gift}
 27108 | Orc:2    | Noticed an orc warlord
 27127 | Orc:2    | Killed an orc warlord
 27348 | Orc:2    | Found a roughly hewn altar of Beogh.
 27359 | Orc:2    | Found Heh Kavo's Antique Weapon Boutique.
 27370 | Orc:2    | Received a gift from Okawaru
 27384 | Orc:2    | Noticed Saint Roka
 27789 | Orc:2    | Found Zian Hoym's General Store.
 27801 | Orc:2    | Found Zomme's Antique Armour Boutique.
 27807 | Orc:2    | Found Syvi's Jewellery Boutique.
 27862 | Orc:2    | Bought a scroll of identify for 34 gold pieces
 27862 | Orc:2    | Bought a potion of curing for 51 gold pieces
 27878 | Orc:2    | Bought ichor-stained gold dragon scales for 2720 gold pieces
 27879 | Orc:2    | Identified the +6 gold dragon scales of Agulisae {rPois rF+ rC+ MR+} (You bought it in a shop on level 2 of the Orcish Mines)
 28064 | Orc:2    | Killed Saint Roka
 28238 | Elf:1    | Entered Level 1 of the Elven Halls
 28322 | Elf:1    | Received a gift from Okawaru
 28647 | Elf:1    | Received a gift from Okawaru
 28751 | Elf:1    | Reached skill level 13 in Shields
 28751 | Elf:1    | Reached XP level 16. HP: 110/125 MP: 23/23
 28811 | Elf:1    | Received a gift from Okawaru
 29166 | Elf:1    | Received a gift from Okawaru
 29327 | Elf:1    | Identified the Handbook of Evil Secrets
 29809 | Elf:2    | Received a gift from Okawaru
 29810 | Elf:2    | Got a crystal hand crossbow {god gift}
 29815 | Elf:2    | Gained mutation: Scrolls take you a little longer to read. [a neqoxec]
 30269 | Elf:2    | Found a huge runed gate.
 30269 | Elf:2    | Found a huge runed gate.
 30269 | Elf:2    | Found a huge runed gate.
 30269 | Elf:2    | Found a huge runed gate.
 30269 | Elf:2    | Found a huge runed gate.
 30432 | Elf:2    | Found a flickering gateway to a bazaar.
 30440 | Bazaar   | Entered a bazaar
 30440 | Bazaar   | Found Fisyulin's Jewellery Boutique.
 30440 | Bazaar   | Found Neghyac's Book Boutique.
 30440 | Bazaar   | Found Zamadojy's Magic Scroll Shop.
 30440 | Bazaar   | Found Syedgheux's General Store.
 30440 | Bazaar   | Found Kienoitt's Assorted Antiques.
 30440 | Bazaar   | Found Legepali's Weapon Boutique.
 30444 | Bazaar   | Identified the +8 hand crossbow "Gunwoiwo" {god gift, elec, MR++ Dex-3} (Okawaru gifted it to you on level 2 of the Elven Halls)
 30477 | Bazaar   | Bought a scroll of silence for 105 gold pieces
 30477 | Bazaar   | Bought a scroll of identify for 28 gold pieces
 30477 | Bazaar   | Bought a scroll of magic mapping for 49 gold pieces
 30477 | Bazaar   | Bought a scroll of identify for 28 gold pieces
 30477 | Bazaar   | Bought a scroll of identify for 28 gold pieces
 30477 | Bazaar   | Bought a scroll of blinking for 105 gold pieces
 30672 | Elf:3    | Entered Level 3 of the Elven Halls
 30924 | Elf:3    | Noticed an Executioner
 30925 | Elf:3    | Noticed an Ice Fiend
 30926 | Elf:3    | Noticed a Tzitzimitl
 30929 | Elf:3    | Noticed an Ice Fiend
 30929 | Elf:3    | HP: 6/125 [earth elemental[a deep elf elementalist] (18)]
 30939 | Elf:3    | HP: 6/125 [???[a deep elf demonologist] (3)]
 30940 | Elf:3    | Mangled by an earth elemental

Skill      XL: |  1  2  3  4  5  6  7  8  9 10 11 12 13 14 15 16 |
---------------+-------------------------------------------------+-----
Armour         | 3 4 5 6 7 8 9 10 11 | 11.9
Dodging        | 1 2 3 4 5 7 8 9 10 11 | 11.0
Fighting       | 5 6 7 8 9 10 11 | 11.3
Invocations    | 3 5 8 10 | 10.1
Evocations     | 2 4 |  4.2
Shields        | 6 9 11 13 | 13.8
Crossbows      | 1 7 10 | 10.8
Long Blades    | 8 |  8.5
Maces & Flails | |  1.0
Stealth        | |  1.7

Action                   |  1- 3 |  4- 6 |  7- 9 | 10-12 | 13-15 | 16-18 || total
-------------------------+-------+-------+-------+-------+-------+-------++-------
Melee: Dagger            |   152 |   212 |       |       |       |       ||   364
       Headbutt          |       |    33 |    57 |   129 |   128 |    43 ||   390
       Mace              |       |    93 |     3 |       |       |       ||    96
       Short sword       |       |       |   108 |       |       |       ||   108
       Dire flail        |       |       |    28 |    32 |       |       ||    60
       Spear             |       |       |   132 |   401 |     1 |       ||   534
       Long sword        |       |       |       |   113 |   517 |   194 ||   824
       Trident           |       |       |       |    11 |     7 |       ||    18
       Punch             |       |       |       |     1 |       |       ||     1
       Hand crossbow     |       |       |       |       |     1 |       ||     1
 Fire: Hand crossbow     |       |       |       |     5 |   568 |    91 ||   664
Throw: Stone             |       |     3 |     2 |     3 |       |       ||     8
       Tomahawk          |       |       |     3 |     1 |       |       ||     4
Invok: Heroism           |       |       |     1 |    13 |    22 |     4 ||    40
       Finesse           |       |       |       |       |     1 |       ||     1
Evoke: Wand              |       |       |       |    24 |     2 |       ||    26
       Lamp of fire      |       |       |       |     1 |     1 |     1 ||     3
       Sack of spiders   |       |       |       |     1 |       |       ||     1
  Use: Scroll            |       |     9 |    11 |    15 |    21 |     2 ||    58
       Potion            |       |     5 |       |     5 |     6 |     2 ||    18
 Stab: Sleeping          |     3 |     1 |       |    12 |    10 |       ||    26
       Invisible         |       |     6 |       |       |    11 |       ||    17
       Distracted        |       |       |       |     1 |     1 |       ||     2
       Confused          |       |       |       |     4 |       |       ||     4
  Eat: Chunk             |     2 |    10 |    13 |    19 |    34 |     7 ||    85
       Fruit             |       |       |     1 |    11 |     4 |       ||    16
Armor: Ring mail         |    67 |    65 |    86 |   180 |   228 |       ||   626
       Scale mail        |       |    49 |     3 |    27 |       |       ||    79
       Skin              |       |    78 |       |       |       |       ||    78
       Gold dragon scale |       |       |       |       |    13 |    95 ||   108
Dodge: Dodged            |   127 |   230 |   210 |   522 |   496 |    34 ||  1619
Block: Buckler           |       |       |       |    71 |   479 |   115 ||   665
       Reflection        |       |       |       |       |    54 |    11 ||    65
       Rpst.: Long sword |       |       |       |    29 |   108 |     8 ||   145
